Map: Void Training Stage 2

Players

Mindele

  • Race: Terran Terran

Player 2 - Winner!

  • Race: Terran Terran

VOD

Have the link to the VOD?

Description

Time

  • Played on: May 13, 2016, 7:21 p.m.
  • Length: 7:47
Show
View Real Time Build Order
Export as new Build Order

Mindele Terran 

Build Orders:  

Get SALT Encoding   

  12  0:02  SCV  
  13  0:15  SCV  
  13  0:20  Supply Depot  
  14  0:27  SCV  
  15  0:42  SCV  
  16  0:47  Barracks  
  16  0:54  SCV  
  17  0:59  Supply Depot  
  17  1:06  SCV  
  17  1:09  Refinery  
  18  1:18  SCV  
  19  1:23  Barracks  
  19  1:30  SCV  
  20  1:36  Marine  
  21  1:46  Orbital Command  
  21  1:56  Marine  
  22  2:03  Refinery  
  22  2:13  Supply Depot, SCV  
  23  2:25  SCV  
  23  2:27  Factory, Marine  
  25  2:30  Marine  
  26  2:37  SCV  
  26  2:43  Supply Depot  
  27  2:46  Marine  
  27  2:49  SCV  
  29  2:53  Marine  
  30  3:01  SCV  
  31  3:05  Marine  
  31  3:11  Supply Depot  
  32  3:13  SCV  
  32  3:15  Armory  
  33  3:23  Marine  
  33  3:25  SCV  
  33  3:26  Marine  
  36  3:33  Factory Tech Lab  
  36  3:37  SCV  
  37  3:43  Marine  
  38  3:49  SCV  
  38  3:50  Marine  
  40  4:00  Supply Depot  
  40  4:02  SCV  
  44  4:06  Thor  
  47  4:12  Marine x2  
  47  4:14  SCV  
  50  4:21  Terran Vehicle And Ship Armor Level 1  
  50  4:23  Supply Depot  
  50  4:26  SCV  
  51  4:31  Marine x2  
  51  4:38  SCV  
  54  4:46  Supply Depot  
  54  4:50  SCV  
  54  4:52  Thor  
  61  4:58  Marine x2  
  63  5:02  SCV  
  64  5:12  Barracks  
  64  5:13  Supply Depot  
  64  5:14  SCV  
  64  5:20  Marine x2  
  67  5:26  SCV  
  68  5:38  SCV  
  69  5:48  Marine x2  
  71  5:51  Siege Tank  
  71  5:55  Supply Depot  
  71  5:56  SCV  
  75  6:01  Marine  
  76  6:07  Marine  
  76  6:08  Marine, SCV  
  79  6:18  Supply Depot  
  79  6:20  SCV  
  77  6:33  Marine x2  
  77  6:34  Marine  
  79  6:48  SCV  
  80  6:55  Marine x2  
  80  6:59  Command Center  
  80  7:00  SCV  
  83  7:04  Supply Depot  
  83  7:27  Marine x3  
  83  7:29  SCV  
  87  7:38  Supply Depot  
Show
View Real Time Build Order
Export as new Build Order

Player 2 Terran - Winner!

Build Orders:  

Get SALT Encoding   

  12  0:00  SCV  
  13  0:13  SCV  
  14  0:20  Supply Depot  
  14  0:25  SCV  
  15  0:42  SCV  
  16  0:47  Barracks  
  16  1:10  Command Center  
  16  1:33  Supply Depot  
  16  1:35  Marine  
  16  1:37  Orbital Command  
  17  1:42  Refinery  
  17  1:53  Marine  
  18  1:54  Refinery  
  18  2:03  SCV  
  19  2:11  Marine  
  19  2:15  SCV  
  21  2:27  SCV x2  
  21  2:29  Barracks Tech Lab  
  23  2:38  Refinery  
  23  2:39  SCV  
  23  2:40  SCV  
  25  2:47  Marine  
  27  2:51  SCV  
  27  2:55  SCV  
  28  3:03  SCV  
  29  3:07  SCV  
  29  3:10  Reaper  
  31  3:15  SCV  
  32  3:23  Supply Depot, SCV  
  33  3:27  SCV  
  34  3:35  SCV  
  34  3:40  SCV  
  36  3:43  Marauder  
  36  3:47  SCV  
  39  3:52  Supply Depot, SCV  
  40  3:59  SCV  
  41  4:04  Marauder, SCV  
  44  4:12  SCV  
  44  4:15  Factory  
  44  4:16  SCV  
  46  4:26  Marauder  
  46  4:29  Supply Depot, SCV  
  49  4:33  SCV  
  50  4:41  SCV  
  51  4:46  Refinery  
  51  4:48  Marauder  
  51  4:50  SCV  
  51  4:52  Supply Depot  
  54  4:54  SCV  
  55  5:02  SCV  
  55  5:06  SCV  
  57  5:11  Reaper  
  58  5:14  SCV  
  58  5:19  SCV  
  60  5:26  SCV  
  61  5:31  SCV  
  61  5:35  Supply Depot  
  62  5:38  SCV  
  63  5:43  Marine, SCV  
  65  6:02  Marauder  
  67  6:25  Marine  
  51  6:40  Hellion  
  51  6:46  Supply Depot, SCV  
  48  6:51  SCV  
  40  6:58  SCV  
  34  7:01  Hellion  
  34  7:03  SCV  
  30  7:10  SCV  
  30  7:15  SCV  
  27  7:23  Hellion  
  27  7:27  SCV  
Tags
 
Add a new tag
Caveats
  • Supply blocks, unpowered buildings, or Contaminate may cause inaccurate times.
  • Supply counts are checked every 10 seconds.